AoeStats
← Traumanomics

Black Forest

503618652Analyzed
4v4 RM · 1mo ago on Sep 1, 2026· 20m 42s· 8 players
Game mode
Random Map
Map size
Large (8 player)
Population
200
Speed
Normal
Resources
Standard
Victory
Conquest
Starting age
Dark Age
Ending age
Imperial Age
RankedLock teamsTeams togetherTeam positionsShared explorationLock speedFull tech treeHidden civsTurbo modeCheats
Victory
Defeat
🇨🇳 Celts · China
1120
+13
🇹🇼 Wei · Taiwan
1108
+13
🇹🇼 Khmer · Taiwan
1101
+13
🇨🇳 Inca · China
1093
+14
🇺🇸 Turks · United States
1100
-16
🇬🇧 Teutons · United Kingdom
1058
-14
🇨🇳 Burgundians · China
1035
-13
🇷🇴 Poles · Romania
993
-11
Traumanomics
0:31 Loom
12:38 Feudal Age
15:07 Double-Bit Axe
15:12 Horse Collar
17:39 Castle Age
22:30 Imperial Age
110
0:39 Loom
13:37 Feudal Age
12:26 Double-Bit Axe
12:45 Horse Collar
19:27 Castle Age
17:42 Heavy Plow
18:03 Gold Mining
18:04 Stone Mining
18:28 Bow Saw
18:59 Town Watch
TheOther
0:37 Loom
10:52 Feudal Age
12:10 Wheelbarrow
11:25 Double-Bit Axe
13:03 Horse Collar
14:15 Gold Mining
19:19 Castle Age
17:51 Stone Mining
20:19 Hand Cart
20:19 Bow Saw
Benjings
1:58 Loom
18:00 Feudal Age
DDVICTORY
1:11 Loom
17:56 Feudal Age
19:19 Wheelbarrow
22:27 Castle Age
20:57 Double-Bit Axe
ky21431
0:53 Loom
13:16 Feudal Age
17:15 Castle Age
15:50 Double-Bit Axe
18:41 Horse Collar
高希英娜
11:09 Feudal Age
14:42 Castle Age
12:55 Double-Bit Axe
12:53 Horse Collar
16:06 Bow Saw
16:19 Heavy Plow
雨""沉
4:50 Loom
12:18 Feudal Age
15:07 Castle Age
12:55 Double-Bit Axe
12:54 Horse Collar
17:07 Heavy Plow
18:06 Bow Saw
Connection lost

Rejoining the realm…

Still unreachable

The connection could not be restored.

Session expired

The server has moved on; the page needs a fresh start.